 Dungeon Crawl Stone Soup version 0.24.1-14-gf8d2b509d9 (webtiles) character file.

Game seed: 313781225352995964, levelgen mode: deterministic

11344 enile the Nimble (level 11, -3/83 HPs)
             Began as a Gnoll Wanderer on Mar 8, 2022.
             Was an Elder of Uskayaw.
             Slain by an alligator skeleton (5 damage)
             ... in a volcano on Mar 12, 2022.
             The game lasted 00:18:17 (13322 turns).

enile the Nimble (Gnoll Wanderer)                  Turns: 13322, Time: 00:18:18

Health: -3/83      AC:  9    Str: 16    XL:     11   Next: 76%
Magic:  20/20      EV: 14    Int:  9    God:    Uskayaw [****..]
Gold:   780        SH: 16    Dex: 15    Spells: 23/23 levels left

rFire    . . .     SeeInvis +   o - +5 war axe
rCold    . . .     Gourm    .   u - +1 large shield
rNeg     + . .     Faith    +   v - +0 ring mail (curse)
rPois    .         Spirit   .   (no helmet)
rElec    .         Reflect  .   (no cloak)
rCorr    .         Harm     .   (no gloves)
MR       .....                  G - +2 pair of boots of Defence {rN+ Int-4 SInv}
Stlth    ++++......             q - amulet of faith
HPRegen  0.23/turn              t - -3 ring of dexterity
MPRegen  0.17/turn              C - ring of stealth

@: no status effects
A: distributed training, fangs 1, strong nose
a: Stomp, Line Pass, Renounce Religion


You were in a volcano.
You worshipped Uskayaw.
Uskayaw was noncommittal.
You were not hungry.

You visited 2 branches of the dungeon, and saw 11 of its levels.
You also visited: Volcano.

You collected 780 gold pieces.

Inventory:

Hand Weapons
 a - a +0 dagger
 c - a +1 longbow of flaming
 k - a +1 dagger of venom
 o - a +5 war axe (weapon)
 J - a +2 falchion of holy wrath
 R - a cursed -2 halberd
Armour
 d - a +2 leather armour
 u - a +1 large shield (worn)
 v - a cursed +0 ring mail (worn)
 D - a +0 scale mail of magic resistance
 G - the +2 pair of boots of Defence (worn) {rN+ Int-4 SInv}
   (You found it on level 5 of the Dungeon)

   It affects your intelligence (-4).
   It protects you from negative energy.
   It lets you see invisible.
 N - a +1 pair of boots
Jewellery
 q - an amulet of faith (around neck)
 t - a -3 ring of dexterity (left hand)
 x - an uncursed ring of resist corrosion
 C - a ring of stealth (right hand)
 H - a +4 ring of dexterity
Wands
 i - a wand of flame (7)
 y - a wand of polymorph (8)
 M - a wand of clouds (5)
 Q - a wand of acid (4)
Scrolls
 e - 4 scrolls of random uselessness
 j - 3 scrolls of remove curse
 l - 2 scrolls of immolation
 p - 2 scrolls of noise
 r - 2 scrolls of blinking
 s - 3 scrolls of fear
 A - 2 scrolls of fog
 O - 3 scrolls of amnesia {unknown}
Potions
 b - 3 potions of lignification
 g - a potion of agility {unknown}
 h - 2 potions of degeneration {unknown}
 m - a potion of resistance {unknown}
 n - 4 potions of curing {unknown}
 w - a potion of flight {unknown}
 B - a potion of berserk rage {unknown}
 E - a potion of haste {unknown}
 F - a potion of might {unknown}
 I - a potion of invisibility {unknown}
 K - a potion of experience {unknown}
 L - 2 potions of mutation {unknown}
 P - 2 potions of brilliance {unknown}
Miscellaneous
 S - a fan of gales
Comestibles
 f - 16 rations


   Skills:
 + Level 6.5 Fighting
 + Level 6.5 Short Blades
 + Level 6.5 Long Blades
 + Level 6.5 Axes
 + Level 6.5 Maces & Flails
 + Level 6.5 Polearms
 + Level 6.5 Staves
 + Level 6.5 Slings
 + Level 6.5 Bows
 + Level 6.5 Crossbows
 + Level 6.5 Throwing
 + Level 6.5 Armour
 + Level 10.6 Dodging
 + Level 8.9 Stealth
 + Level 6.5 Shields
 + Level 7.0 Unarmed Combat
 + Level 6.5 Spellcasting
 + Level 5.3 Conjurations
 + Level 5.3 Hexes
 + Level 5.3 Charms
 + Level 5.3 Summonings
 + Level 5.3 Necromancy
 + Level 5.3 Translocations
 + Level 5.3 Transmutations
 + Level 5.3 Fire Magic
 + Level 5.3 Ice Magic
 + Level 5.3 Air Magic
 + Level 5.3 Earth Magic
 + Level 5.3 Poison Magic
 + Level 7.1 Invocations
 + Level 8.0 Evocations


You had 23 spell levels left.
You didn't know any spells.
Your spell library contained the following spells:

 Spells                   Type           Power        Failure   Level  Hunger
 Corpse Rot               Necr           N/A          56%         2    ##.....
 Sublimation of Blood     Necr           ##........   56%         2    ##.....
 Agony                    Necr           ##......     100%        5    ######.
 Bolt of Draining         Conj/Necr      ##........   100%        5    ######.
 Dispel Undead            Necr           ##......     100%        5    ######.
 Excruciating Wounds      Chrm/Necr      ##........   100%        5    ######.


Dungeon Overview and Level Annotations

Branches:
Dungeon (10/15)            Temple (0/1) D:6            Lair (1/6) D:8
    Orc (0/2) D:10        Volcano (1/1)

Altars:
Cheibriados
Elyvilon
Uskayaw
Yredelemnul


Innate Abilities, Weirdness & Mutations

Your experience applies equally to all skills.
You have very sharp teeth.
Your uncanny sense of smell can sniff out nearby items.


Message History

The anaconda skeleton is engulfed in freezing vapours.
You block the anaconda skeleton's attack.
* * * LOW HITPOINT WARNING * * *
The anaconda skeleton constricts you.
The alligator skeleton is engulfed in freezing vapours.
You slash the anaconda skeleton!
You destroy the anaconda skeleton!
In the distance, the volcano erupts with a roar.
The alligator skeleton is engulfed in freezing vapours.
You hit the alligator skeleton but do no damage.
The alligator skeleton is severely damaged.
The alligator skeleton is engulfed in freezing vapours.
You block the alligator skeleton's attack.
The alligator skeleton tail-slaps you.
* * * LOW HITPOINT WARNING * * *
You slash the alligator skeleton!
The alligator skeleton is almost destroyed.
The alligator skeleton is engulfed in freezing vapours.
The alligator skeleton bites you.
You die...

##################
#.)'...#...'...##.
#.)#...'...#...##.
##'#...#...#...##.
+..###########.##.
#@.')'.^+∆∆∆ #.##.
#Z#######∆∆∆##.##.
#§§.+∆ ###.....
#.§.#∆ ..........
#§§§#∆ #####.#..#
##+## #...). ∆
#.#..# ∆∆∆ ∆
....... ∆∆∆ ∆
###.....


You could see an alligator skeleton.

Vanquished Creatures
  Erica (D:8)
  A two-headed ogre (D:9)
  2 skeletal warriors (Volcano)
  Pikel (D:7)
  An anaconda skeleton (Volcano)
  2 deep elf magi (D:8)
  3 gargoyles (Volcano)
  2 trolls (D:10)
  Grinder (D:5)
  A hornet (D:10)
  Prince Ribbit (D:8)
  2 hippogriffs
  Sigmund (D:2)
  A flying skull (Volcano)
  3 alligator skeletons (Volcano)
  A yak (D:9)
  A wyvern (D:10)
  2 hungry ghosts (D:9)
  5 orc warriors
  A sky beast (D:9)
  2 black bears
  An ogre (D:9)
  2 ice beasts (D:8)
  2 phantoms
  2 centaurs
  2 big kobolds (D:8)
  A bullfrog (D:8)
  A wyvern zombie (D:8)
  4 scorpions
  4 wights (D:10)
  4 killer bees (D:10)
  2 troll skeletons (Volcano)
  2 spriggan skeletons (Volcano)
  3 crimson imps
  4 orc priests
  A gnoll shaman (D:8)
  4 jellies (D:10)
  4 hounds
  2 centaur skeletons
  Jessica (D:2)
  A bullfrog skeleton (D:8)
  2 iguanas
  7 orc wizards
  7 worker ants
  2 naga skeletons (Volcano)
  A hound zombie (D:5)
  4 hound skeletons
  2 worker ant zombies
  7 adders
  3 gnolls (D:8)
  A shadow imp (D:6)
  5 oozes (D:10)
  3 worms
  2 dart slugs
  5 leopard geckos
  36 orcs
  7 giant cockroaches
  7 goblins
  3 hobgoblins
  13 jackals
  4 quokkas
  2 ball pythons
  7 bats
  7 frilled lizards
  A giant cockroach zombie (D:5)
  15 kobolds
  A leopard gecko skeleton (D:6)
  A quokka zombie (D:6)
  3 rats
240 creatures vanquished.

Vanquished Creatures (others)
  2 flying skulls (Volcano)
2 creatures vanquished.

Grand Total: 242 creatures vanquished

Notes
Turn   | Place    | Note
-------+----------+-------------------------------------------
     0 | D:1      | enile the Gnoll Wanderer began the quest for the Orb.
     0 | D:1      | enile set off with the following items: a +0 dagger, a
                  | potion of lignification, a wand of random effects (15), a
                  | +2 leather armour, a ration
     0 | D:1      | Reached XP level 1. HP: 13/13 MP: 3/3
   330 | D:1      | Reached XP level 2. HP: 19/19 MP: 5/5
   882 | D:2      | Reached XP level 3. HP: 25/25 MP: 6/6
   917 | D:2      | Noticed Sigmund
   952 | D:2      | Killed Sigmund
   952 | D:2      | Reached skill level 1 in Fighting
   952 | D:2      | Reached skill level 1 in Short Blades
   952 | D:2      | Reached skill level 1 in Long Blades
   952 | D:2      | Reached skill level 1 in Axes
   952 | D:2      | Reached skill level 1 in Maces & Flails
   952 | D:2      | Reached skill level 1 in Polearms
   952 | D:2      | Reached skill level 1 in Staves
   952 | D:2      | Reached skill level 1 in Slings
   952 | D:2      | Reached skill level 1 in Bows
   952 | D:2      | Reached skill level 1 in Crossbows
   952 | D:2      | Reached skill level 1 in Throwing
   952 | D:2      | Reached skill level 1 in Armour
   952 | D:2      | Reached skill level 1 in Shields
   952 | D:2      | Reached skill level 1 in Spellcasting
   952 | D:2      | Reached skill level 1 in Conjurations
   952 | D:2      | Reached skill level 1 in Hexes
   952 | D:2      | Reached skill level 1 in Charms
   952 | D:2      | Reached skill level 1 in Summonings
   952 | D:2      | Reached skill level 1 in Necromancy
   952 | D:2      | Reached skill level 1 in Translocations
   952 | D:2      | Reached skill level 1 in Transmutations
   952 | D:2      | Reached skill level 1 in Fire Magic
   952 | D:2      | Reached skill level 1 in Ice Magic
   952 | D:2      | Reached skill level 1 in Air Magic
   952 | D:2      | Reached skill level 1 in Earth Magic
   952 | D:2      | Reached skill level 1 in Poison Magic
   952 | D:2      | Reached skill level 1 in Invocations
   952 | D:2      | Reached XP level 4. HP: 30/32 MP: 7/7
   952 | D:2      | Reached XP level 5. HP: 35/37 MP: 8/8
  1149 | D:2      | Noticed Jessica
  1152 | D:2      | Killed Jessica
  1542 | D:3      | Reached XP level 6. HP: 44/44 MP: 9/9
  2363 | D:4      | Found a snail-covered altar of Cheibriados.
  2553 | D:4      | Reached skill level 5 in Evocations
  2862 | D:5      | Entered Level 5 of the Dungeon
  2895 | D:5      | Noticed a phantom
  2924 | D:5      | Killed a phantom
  2924 | D:5      | Reached XP level 7. HP: 22/50 MP: 10/10
  3106 | D:5      | Got a pair of bloodstained boots
  3112 | D:5      | Identified the +2 pair of boots of Defence {rN+ Int-4 SInv}
                  | (You found it on level 5 of the Dungeon)
  3512 | D:5      | Found a white marble altar of Elyvilon.
  3650 | D:5      | Noticed Grinder
  3683 | D:5      | Killed Grinder
  3683 | D:5      | Reached skill level 9 in Dodging
  3683 | D:5      | Reached XP level 8. HP: 30/57 MP: 10/12
  4232 | D:6      | Found a staircase to the Ecumenical Temple.
  4316 | D:6      | Found a hide-covered altar of Uskayaw.
  4392 | D:6      | Became a worshipper of Uskayaw the Reveler
  4456 | D:6      | Reached * piety under Uskayaw
  4552 | D:6      | Reached ** piety under Uskayaw
  4554 | D:6      | Reached *** piety under Uskayaw
  5109 | D:7      | Noticed Pikel
  5631 | D:7      | HP: 2/58 [Pikel/+2 whip of electrocution (5)]
  5635 | D:7      | Killed Pikel
  5635 | D:7      | Reached XP level 9. HP: 32/65 MP: 10/14
  6125 | D:8      | Noticed a deep elf mage
  6135 | D:8      | Reached **** piety under Uskayaw
  6138 | D:8      | Reached ***** piety under Uskayaw
  6154 | D:8      | Killed a deep elf mage
  6154 | D:8      | Reached skill level 5 in Unarmed Combat
  6457 | D:8      | Found a staircase to the Lair.
  6513 | D:8      | Noticed a deep elf mage
  6522 | D:8      | HP: 3/65 [deep elf mage/bolt of lightning (27)]
  6524 | D:8      | Killed a deep elf mage
  6524 | D:8      | Reached skill level 5 in Invocations
  7157 | D:8      | Noticed Erica
  7165 | D:8      | Killed Erica
  7165 | D:8      | Reached XP level 10. HP: 68/73 MP: 15/17
  7269 | D:8      | Reached skill level 5 in Fighting
  7269 | D:8      | Reached skill level 5 in Short Blades
  7269 | D:8      | Reached skill level 5 in Long Blades
  7269 | D:8      | Reached skill level 5 in Axes
  7269 | D:8      | Reached skill level 5 in Maces & Flails
  7269 | D:8      | Reached skill level 5 in Polearms
  7269 | D:8      | Reached skill level 5 in Staves
  7269 | D:8      | Reached skill level 5 in Slings
  7269 | D:8      | Reached skill level 5 in Bows
  7269 | D:8      | Reached skill level 5 in Crossbows
  7269 | D:8      | Reached skill level 5 in Throwing
  7269 | D:8      | Reached skill level 5 in Armour
  7269 | D:8      | Reached skill level 5 in Shields
  7269 | D:8      | Reached skill level 5 in Spellcasting
  7375 | D:8      | Noticed Prince Ribbit
  7397 | D:8      | Killed Prince Ribbit
  8437 | D:9      | Reached skill level 10 in Dodging
  8454 | D:9      | Found a basalt altar of Yredelemnul.
  8476 | D:10     | Entered Level 10 of the Dungeon
  9095 | D:9      | Noticed a two-headed ogre
  9109 | D:9      | Killed a two-headed ogre
  9903 | D:10     | Reached XP level 11. HP: 39/81 MP: 17/19
 11703 | D:10     | Reached ****** piety under Uskayaw
 11848 | D:10     | Found a staircase to the Orcish Mines.
 11857 | D:10     | Reached skill level 5 in Conjurations
 11857 | D:10     | Reached skill level 5 in Hexes
 11857 | D:10     | Reached skill level 5 in Charms
 11857 | D:10     | Reached skill level 5 in Summonings
 11857 | D:10     | Reached skill level 5 in Necromancy
 11857 | D:10     | Reached skill level 5 in Translocations
 11857 | D:10     | Reached skill level 5 in Transmutations
 11857 | D:10     | Reached skill level 5 in Fire Magic
 11857 | D:10     | Reached skill level 5 in Ice Magic
 11857 | D:10     | Reached skill level 5 in Air Magic
 11857 | D:10     | Reached skill level 5 in Earth Magic
 11857 | D:10     | Reached skill level 5 in Poison Magic
 12053 | Lair:1   | Entered Level 1 of the Lair of Beasts
 12130 | Lair:1   | Noticed a seven-headed hydra
 12242 | Lair:1   | Found a dark tunnel.
 12357 | Volcano  | Entered a volcano
 13129 | Volcano  | Noticed a skeletal warrior
 13147 | Volcano  | Killed a skeletal warrior
 13297 | Volcano  | Noticed a skeletal warrior
 13316 | Volcano  | Killed a skeletal warrior
 13321 | Volcano  | HP: 2/83 [alligator skeleton (6)]
 13322 | Volcano  | Slain by an alligator skeleton

Levels and vault maps discovered:
D:1:      ebering_hopf_link, layout_basic, minmay_misc_feat_enclosed,
          minmay_3d_cube
D:2:      layout_loops_ring, uniq_jessica, uniq_sigmund
D:3:      layout_loops_ring, first_ration, nrook_campfire
D:4:      layout_cave_pools, kennysheep_slug_shrine
D:5:      layout_loops_ring, overflow_temple_1_default,
          roderic_cross_of_infinity, uniq_grinder
D:6:      minmay_skewed_foursquare, layout_basic,
          minmay_temple_entry_sparse_star, basic_altar
D:7:      layout_gridville, uniq_pikel
D:8:      layout_loops_corners, dpeg_oklobed_lair, kb_rosetta,
          uniq_prince_ribbit1, uniq_erica
D:9:      minmay_evil_eye, layout_irregular_city, basic_altar
D:10:     layout_rooms, david_orc_4, hangedman_little_slice_of_home
Lair:1:   layout_gridlike, nicolae_volcano_entry_two_sided,
          ebering_ghost_disaster_area, serial_bayou_pond_a, grunt_megastairs_3,
          lemuel_fruit_tree, minmay_lair_oklob_chamber, lemuel_fruit_fields
Volcano:  volcano_tomb [vts_chambers]

Skill      XL: |  1  2  3  4  5  6  7  8  9 10 11 |
---------------+----------------------------------+-----
Fighting       | 1 2 3 4 5 6 |  6.5
Short Blades   | 1 2 3 4 5 6 |  6.5
Long Blades    | 1 2 3 4 5 6 |  6.5
Axes           | 1 2 3 4 5 6 |  6.5
Maces & Flails | 1 2 3 4 5 6 |  6.5
Polearms       | 1 2 3 4 5 6 |  6.5
Staves         | 1 2 3 4 5 6 |  6.5
Slings         | 1 2 3 4 5 6 |  6.5
Bows           | 1 2 3 4 5 6 |  6.5
Crossbows      | 1 2 3 4 5 6 |  6.5
Throwing       | 1 2 3 4 5 6 |  6.5
Armour         | 1 2 3 4 5 6 |  6.5
Stealth        | 6 7 8 |  8.9
Shields        | 1 2 3 4 5 6 |  6.5
Unarmed Combat | 3 4 5 6 7 |  7.0
Spellcasting   | 1 2 3 4 5 6 |  6.5
Conjurations   | 1 2 3 4 5 |  5.3
Hexes          | 1 2 3 4 5 |  5.3
Charms         | 1 2 3 4 5 |  5.3
Summonings     | 1 2 3 4 5 |  5.3
Necromancy     | 1 2 3 4 5 |  5.3
Translocations | 1 2 3 4 5 |  5.3
Transmutations | 1 2 3 4 5 |  5.3
Fire Magic     | 1 2 3 4 5 |  5.3
Ice Magic      | 1 2 3 4 5 |  5.3
Air Magic      | 1 2 3 4 5 |  5.3
Earth Magic    | 1 2 3 4 5 |  5.3
Poison Magic   | 1 2 3 4 5 |  5.3
Invocations    | 1 2 3 4 5 6 7 |  7.1
Evocations     | 5 6 7 8 |  8.0
Dodging        | 9 10 | 10.6

Action                   |  1- 3 |  4- 6 |  7- 9 | 10-12 || total
-------------------------+-------+-------+-------+-------++-------
Melee: Dagger            |    84 |    69 |       |       ||   153
       Bite              |     6 |    13 |    21 |    41 ||    81
       Punch             |       |     1 |       |       ||     1
       War axe           |       |    63 |   226 |   326 ||   615
Invok: Stomp             |       |       |     2 |     3 ||     5
Evoke: Wand              |     3 |       |     3 |    33 ||    39
  Use: Scroll            |     2 |       |    10 |     6 ||    18
       Potion            |     1 |       |     2 |     2 ||     5
 Stab: Sleeping          |    11 |    15 |     8 |    10 ||    44
       Distracted        |       |     1 |       |       ||     1
       Paralysed         |       |       |     7 |    33 ||    40
  Eat: Chunk             |       |     5 |     5 |    14 ||    24
       Ration            |       |       |     3 |     3 ||     6
Armor: Leather armour    |     8 |    12 |       |       ||    20
       Scale mail        |       |    10 |    82 |    10 ||   102
       Skin              |       |       |     6 |     3 ||     9
       Ring mail         |       |       |       |    74 ||    74
Dodge: Dodged            |    87 |    73 |    69 |   177 ||   406
Block: Large shield      |       |    26 |   156 |   339 ||   521
